 Dungeon Crawl Stone Soup version 0.30.1 (webtiles) character file.

Game seed: 5288344844406975828

448 Klingon the Chopper (level 7, -6/84 HPs)
             Began as a Gnoll Reaver on July 3, 2023.
             Was a Follower of Qazlal.
             Mangled by an iguana (8 damage)
             ... on level 5 of the Dungeon on July 5, 2023.
             The game lasted 00:11:23 (4269 turns).

Klingon the Chopper (Gnoll Reaver)                  Turns: 4269, Time: 00:11:24

Health: -6/84      AC: 23    Str: 12    XL:     7   Next: 4%
Magic:  11/15      EV:  2    Int: 14    God:    Qazlal [*.....]
Gold:   227        SH:  2    Dex: 10    Spells: 4/17 levels left

rFire   x . .        a - +0 hand axe
rCold   + . .        d - orb {light}
rNeg    . . .        b - melded +2 leather armour
rPois   +            (helmet currently unavailable)
rElec   .            (cloak currently unavailable)
rCorr   .            (gloves currently unavailable)
SInv    .            (boots currently unavailable)
Will    .....        (no amulet)
Stlth   +            j - ring of ice
HPRegen 0.34/turn    (no ring)
MPRegen 0.14/turn

%: no passive effects
@: tree-form, glowing
A: stationary, stasis, torment immunity, boosted hp, (fangs 1), strong nose,
distributed training
a: Renounce Religion


You were on level 5 of the Dungeon.
You worshipped Qazlal.
Qazlal was aware of your devotion.
You were a tree.
You visited 1 branch of the dungeon, and saw 5 of its levels.

You collected 227 gold pieces.

Inventory:

Hand Weapons
 a - a +0 hand axe (weapon)
Armour
 b - a +2 leather armour (melded)
 d - an orb of light (worn)
 g - +0 fire dragon scales
Jewellery
 j - a ring of ice (left branch)
Scrolls
 c - 4 scrolls of teleportation
 f - a scroll of vulnerability
 i - a scroll of fog
 m - a scroll of noise
 n - a scroll of amnesia
 p - a scroll of fear {unknown}
Potions
 e - 2 potions of lignification
 h - a potion of heal wounds {unknown}
 k - a potion of attraction {unknown}
 l - 2 potions of haste
 o - 2 potions of curing {unknown}
 q - a potion of berserk rage {unknown}


   Skills:
 + Level 5.1 Fighting
 + Level 2.3 Short Blades
 + Level 2.3 Long Blades
 + Level 7.0 Axes
 + Level 2.3 Maces & Flails
 + Level 2.3 Polearms
 + Level 2.3 Staves
 + Level 2.3 Ranged Weapons
 + Level 2.3 Throwing
 + Level 2.3 Armour
 + Level 5.1 Dodging
 + Level 2.3 Stealth
 + Level 2.3 Shields
 + Level 2.3 Unarmed Combat
 + Level 5.5 Spellcasting
 + Level 5.8 Conjurations
 + Level 1.9 Hexes
 + Level 1.9 Summonings
 + Level 1.9 Necromancy
 + Level 1.9 Translocations
 + Level 1.9 Transmutations
 + Level 1.9 Fire Magic
 + Level 1.9 Ice Magic
 + Level 1.9 Air Magic
 + Level 1.9 Earth Magic
 + Level 1.9 Poison Magic
 + Level 2.5 Invocations
 + Level 2.3 Evocations


You had 4 spell levels left.
You knew the following spells:

 Your Spells              Type           Power      Damage    Failure   Level
a - Kiss of Death         Conj/Necr      56%        2d9       3%          1
b - Momentum Strike       Conj/Tloc      28%        3d8       4%          2
c - Tukima's Dance        Hex            9%         N/A       22%         3
d - Hailstorm             Conj/Ice       22%        3d7       10%         3
e - Dispel Undead         Necr           9%         3d8       58%         4

Your spell library contained the following spells:

 Spells                   Type           Power      Damage    Failure   Level
 Confusing Touch          Hex            9%         N/A       22%         3
 Passage of Golubria      Tloc           9%         N/A       58%         4
 Yara's Violent Unravell  Hex/Tmut       4%         3d4       91%         5


Dungeon Overview and Level Annotations

Branches:
Dungeon (5/15)
 Temple: D:4-7

Altars:
Makhleb
Qazlal

Shops:
D:3 [(

Annotations:
D:3 3 runed translucent doors, cdecastro's ghost, amateur DjFE


Innate Abilities, Weirdness & Mutations

You are a tree.
Your roots penetrate the ground, keeping you stationary.
You cannot be teleported.
You are immune to unholy pain and torment.
Your maximum health is greatly increased.
Your equipment is partially melded.
((You have very sharp teeth.))
Your uncanny sense of smell can sniff out nearby items.
Your experience applies equally to all skills.


Message History

You hit the sleepcap.
The sleepcap is lightly damaged.
You hit the iguana but do no damage. You hit the sleepcap.
You bite the sleepcap, but do no damage.
The sleepcap is moderately damaged.
You hit the iguana. The sleepcap releases spores at you.
You are engulfed in a cloud of soporific spores!
You fall asleep.
The iguana bites you.
You wake up.
You hit the sleepcap but do no damage.
You bite the sleepcap, but do no damage.
The sleepcap is moderately damaged.
You barely miss the iguana.
You are no longer robbed of momentum.
The sleepcap closely misses you.
The iguana bites you but does no damage.
You hit the sleepcap.
The sleepcap is moderately damaged.
You hit the iguana but do no damage. The sleepcap releases spores at you!
* * * LOW HITPOINT WARNING * * *
You are engulfed in a cloud of soporific spores!
You are unaffected.
The iguana bites you!
* * * LOW HITPOINT WARNING * * *
It was a potion of lignification.
You turn into a tree.
Your +2 leather armour melds into your body.
Your roots penetrate the ground.
The sleepcap barely misses you.
The iguana bites you but does no damage.
You slash the sleepcap!
The sleepcap is severely damaged.
You hit the iguana. The sleepcap releases spores at you.
* * * LOW HITPOINT WARNING * * *
The iguana bites you.
* * * LOW HITPOINT WARNING * * *
You hit the sleepcap.
The sleepcap is severely damaged.
You barely miss the iguana.
The sleepcap releases spores at you but does no damage.
The iguana bites you!
You die...

.....#.......#.....######
.....#.......#...........#
.....#.......#...........#
.....#.......#...........#
.....#..######...........#
....##..##...#...........#
....#........#...........#
....#........+..f..)......
....#........#..♣........
....#...##...#..l........
....######...#...........
....#........#...........
....#........#..........
....#........#..........
....##'###+###..........
........................
..............


You could see a sleepcap and an iguana.

Vanquished Creatures
  An ice beast (D:5)
  A phantom (D:5)
  A scorpion (D:5)
  2 hounds (D:4)
  An iguana (D:4)
  4 adders (D:4)
  An ufetubus (D:5)
  A worm (D:2)
  5 orcs (D:4)
  8 endoplasms
  3 giant cockroaches
  8 goblins
  9 hobgoblins
  8 jackals
  5 kobolds
  6 quokkas
  3 ball pythons
  6 bats
  10 frilled lizards
  2 rats (D:1)
85 creatures vanquished.

Notes
Turn   | Place    | Note
-------+----------+-------------------------------------------
     0 | D:1      | Klingon the Gnoll Reaver began the quest for the Orb.
     0 | D:1      | Reached XP level 1. HP: 20/20 MP: 6/6
   269 | D:1      | Reached XP level 2. HP: 22/26 MP: 7/7
   287 | D:1      | Learned a level 2 spell: Momentum Strike
   428 | D:2      | Found a stormy altar of Qazlal.
   559 | D:2      | Reached skill level 5 in Spellcasting
   559 | D:2      | Reached XP level 3. HP: 25/29 MP: 7/9
   623 | D:2      | Became a worshipper of Qazlal Stormbringer
   858 | D:2      | Reached skill level 1 in Invocations
  1257 | D:1      | Reached skill level 1 in Short Blades
  1257 | D:1      | Reached skill level 1 in Long Blades
  1257 | D:1      | Reached skill level 1 in Maces & Flails
  1257 | D:1      | Reached skill level 1 in Polearms
  1257 | D:1      | Reached skill level 1 in Staves
  1257 | D:1      | Reached skill level 1 in Ranged Weapons
  1257 | D:1      | Reached skill level 1 in Throwing
  1257 | D:1      | Reached skill level 1 in Armour
  1257 | D:1      | Reached skill level 1 in Stealth
  1257 | D:1      | Reached skill level 1 in Shields
  1257 | D:1      | Reached skill level 1 in Unarmed Combat
  1257 | D:1      | Reached skill level 1 in Evocations
  1371 | D:1      | Found a faded altar of an unknown god.
  1851 | D:1      | Learned a level 3 spell: Tukima's Dance
  1855 | D:1      | Learned a level 3 spell: Hailstorm
  2088 | D:3      | Found Ikhafequ's Armour Shop.
  2284 | D:3      | Found a runed translucent gate.
  2284 | D:3      | Found a runed translucent gate.
  2285 | D:3      | Found a runed translucent gate.
  2286 | D:3      | Noticed a kobold brigand
  2287 | D:3      | Noticed cdecastro's ghost (amateur DjFE)
  2519 | D:3      | Found Biomuerch's Weapon Boutique.
  2553 | D:3      | Reached XP level 4. HP: 29/33 MP: 1/11
  2825 | D:4      | Reached * piety under Qazlal
  2831 | D:4      | Reached skill level 1 in Hexes
  2831 | D:4      | Reached skill level 1 in Summonings
  2831 | D:4      | Reached skill level 1 in Necromancy
  2831 | D:4      | Reached skill level 1 in Translocations
  2831 | D:4      | Reached skill level 1 in Transmutations
  2831 | D:4      | Reached skill level 1 in Fire Magic
  2831 | D:4      | Reached skill level 1 in Ice Magic
  2831 | D:4      | Reached skill level 1 in Air Magic
  2831 | D:4      | Reached skill level 1 in Earth Magic
  2831 | D:4      | Reached skill level 1 in Poison Magic
  2844 | D:4      | Learned a level 4 spell: Dispel Undead
  3002 | D:4      | Reached XP level 5. HP: 43/43 MP: 12/12
  3240 | D:4      | Found a burning altar of Makhleb.
  3930 | D:5      | Entered Level 5 of the Dungeon
  3935 | D:5      | Reached skill level 5 in Fighting
  3935 | D:5      | Reached skill level 5 in Dodging
  3935 | D:5      | Reached XP level 6. HP: 35/50 MP: 9/14
  4100 | D:5      | Noticed an ice beast
  4111 | D:5      | Killed an ice beast
  4261 | D:5      | Reached skill level 7 in Axes
  4261 | D:5      | Reached XP level 7. HP: 28/56 MP: 9/15
  4268 | D:5      | HP: 1/84 [iguana (6)]
  4269 | D:5      | Mangled by an iguana

Illustrated notes

Levels and vault maps discovered:
D:1:      sevenhm_arrival_forest_fort_small_5, layout_basic,
          basic_ecumenical_altar, kennysheep_doodads, minmay_lizard_king
D:2:      layout_loops_cross, basic_altar, minmay_lizard_pond
D:3:      layout_rooms, serial_shops, nicolae_shop_behind_doors, shop,
          gammafunk_ghost_nasty_kobolds, roderic_lattice_a, minmay_cupped
D:4:      layout_loops_corners, mainiacjoe_overflow_alcove_1,
          corexii_checkpoint_b
D:5:      layout_gridville, nicolae_gozag_seed_capital, minmay_ruined_shrine,
          uniq_pikel

Skill      XL: |  1  2  3  4  5  6 |
---------------+-------------------+-----
Spellcasting   | 5 |  5.5
Invocations    | 1 2 |  2.5
Short Blades   | 1 2 |  2.3
Long Blades    | 1 2 |  2.3
Maces & Flails | 1 2 |  2.3
Polearms       | 1 2 |  2.3
Staves         | 1 2 |  2.3
Ranged Weapons | 1 2 |  2.3
Throwing       | 1 2 |  2.3
Armour         | 1 2 |  2.3
Stealth        | 1 2 |  2.3
Shields        | 1 2 |  2.3
Unarmed Combat | 1 2 |  2.3
Evocations     | 1 2 |  2.3
Hexes          | 1 |  1.9
Summonings     | 1 |  1.9
Necromancy     | 1 |  1.9
Translocations | 1 |  1.9
Transmutations | 1 |  1.9
Fire Magic     | 1 |  1.9
Ice Magic      | 1 |  1.9
Air Magic      | 1 |  1.9
Earth Magic    | 1 |  1.9
Poison Magic   | 1 |  1.9
Fighting       | 5 |  5.1
Dodging        | 5 |  5.1
Axes           | 7 |  7.0
Conjurations   | |  5.8

Action                     |  1- 3 |  4- 6 |  7- 9 || total
---------------------------+-------+-------+-------++-------
  Melee: Hand axe          |   106 |   108 |     7 ||   221
         Bite              |    10 |    14 |     2 ||    26
   Cast: Momentum Strike   |     3 |    10 |       ||    13
         Kiss of Death     |     2 |     2 |       ||     4
         Tukima's Dance    |     2 |     2 |       ||     4
         Hailstorm         |       |     1 |       ||     1
    Use: Scroll            |     5 |     3 |       ||     8
         Potion            |       |       |     1 ||     1
 Armour: Leather armour    |    30 |    33 |     1 ||    64
         Skin              |       |       |     2 ||     2
  Dodge: Dodged            |    62 |    99 |     3 ||   164
  Block: Orb               |       |     5 |       ||     5
